 Dungeon Crawl Stone Soup version 0.26.0-45-g9c1d065592 (webtiles) character file.

Game seed: 11020148868269423470

155867 Amplified the Warrior (level 18, -2/156 HPs)
             Began as a Human Wanderer on Jan 31, 2021.
             Was a High Priest of Trog.
             Slain by a sixfirhy (6 damage)
             ... summoned by a deep elf mage
             ... on level 2 of the Elven Halls.
             The game lasted 00:53:31 (35039 turns).

Amplified the Warrior (Human Wanderer)             Turns: 35039, Time: 00:53:32

Health: -2/156     AC: 27    Str: 26    XL:     18   Next: 28%
Magic:  18/18      EV: 17    Int: 12    God:    Trog [*****.]
Gold:   96         SH:  0    Dex: 17    Spells: 17/17 levels left

rFire    + . .     SeeInvis .   S - +11 flail of Ityzxu {protect, *Rage rC++ Dex+4}
rCold    + . .     Faith    +   (no shield)
rNeg     . . .     Spirit   .   K - +3 plate armour of Existentialism {rCorr Str+5 Int-2 Stlth+}
rPois    +         Reflect  .   l - +2 helmet
rElec    +         Harm     +   q - +0 cloak "Zasioxti" {Harm rPois Slay+2}
rCorr    +         Rampage  .   y - +2 pair of gloves
Will     +....     Rnd*Rage +   (no boots)
Stlth    ..........             t - amulet of faith
HPRegen  0.36/turn              F - +4 ring of slaying
MPRegen  0.16/turn              M - ring of Iveost {Fire rElec rPois Int+2 Stlth-}

@: berserk cooldown, flying, slowed, very slow
A: no striking features
a: Renounce Religion, Berserk, Trog's Hand, Brothers in Arms


You were on level 2 of the Elven Halls.
You worshipped Trog.
Trog was extremely pleased with you.
You visited 7 branches of the dungeon, and saw 29 of its levels.

You collected 2484 gold pieces.
You spent 2388 gold pieces at shops.

Inventory:

Hand Weapons
 I - a +2 vorpal great mace
 N - a +6 antimagic great mace
 S - the +11 flail of Ityzxu (weapon) {protect, *Rage rC++ Dex+4}
   (You found it on level 6 of the Lair of Beasts)

   It grants its wielder temporary protection when it strikes (+7 to AC).
   It affects your dexterity (+4).
   It greatly protects you from cold.
   It may make you go berserk in combat.
Missiles
 j - 39 poisoned darts (quivered)
 u - 11 curare-tipped darts
Armour
 l - a +2 helmet (worn)
 q - the +0 cloak "Zasioxti" (worn) {Harm rPois Slay+2}
   (You bought it in a shop on level 2 of the Orcish Mines)

   It affects your accuracy and damage with ranged weapons and melee attacks
   (+2).
   It protects you from poison.
   It increases damage dealt and taken.
 y - a +2 pair of gloves (worn)
 K - the +3 plate armour of Existentialism (worn) {rCorr Str+5 Int-2 Stlth+}
   (You took it off a human on level 14 of the Dungeon)

   It affects your strength (+5).
   It affects your intelligence (-2).
   It provides partial protection from all sources of acid and corrosion.
   It makes you more stealthy.
Jewellery
 b - an uncursed ring of positive energy {unknown}
 f - an uncursed ring of flight
 r - an uncursed amulet of the acrobat
 t - an amulet of faith (around neck)
 F - a +4 ring of slaying (left hand)
 M - the ring of Iveost (right hand) {Fire rElec rPois Int+2 Stlth-}
   (You bought it in a shop on level 1 of the Orcish Mines)

   [ring of fire]

   It enhances your fire magic.
   It affects your intelligence (+2).
   It protects you from fire.
   It makes you vulnerable to cold.
   It insulates you from electricity.
   It protects you from poison.
   It makes you less stealthy.
 P - the ring of Xom's Flight of Fancy {+Blink +Inv rN+ Str+3 SInv}
   (You found it on level 3 of the Lair of Beasts)

   [ring of positive energy]

   It affects your strength (+3).
   It protects you from negative energy.
   It lets you see invisible.
   It lets you turn invisible.
   It lets you blink.
Wands
 i - a wand of random effects (56)
 k - a wand of polymorph (28)
 n - a wand of digging (3)
 o - a wand of flame (15)
 v - a wand of iceblast (18)
 D - a wand of paralysis (24)
 H - a wand of disintegration (14)
Scrolls
 a - a scroll of enchant weapon
 c - 10 scrolls of teleportation
 h - 2 scrolls of torment
 p - 9 scrolls of remove curse
 A - a scroll of blinking
 J - a scroll of silence
 O - a scroll of summoning
Potions
 e - 14 potions of curing
 g - 3 potions of flight
 s - a potion of resistance
 x - 3 potions of lignification
 z - 8 potions of ambrosia
 B - a potion of mutation
 C - 2 potions of berserk rage
 G - 5 potions of haste
 Q - 2 potions of attraction


   Skills:
 + Level 17.8 Fighting
 - Level 14.7 Maces & Flails
 * Level 13.1 Armour
 - Level 14.9 Dodging
 * Level 10.4 Evocations


You had 17 spell levels left.
You didn't know any spells.
Your spell library contained the following spells:

 Spells                   Type           Power        Failure   Level
 Animate Skeleton         Necr           0%           95%         1
 Corona                   Hex            0%           95%         1
 Magic Dart               Conj           0%           95%         1
 Pain                     Necr           0%           95%         1
 Shock                    Conj/Air       0%           95%         1
 Summon Small Mammal      Summ           0%           95%         1
 Blink                    Tloc           N/A          98%         2
 Call Imp                 Summ           0%           98%         2
 Slow                     Hex            0%           98%         2
 Swiftness                Air            0%           98%         2
 Call Canine Familiar     Summ           0%           100%        3
 Confusing Touch          Hex            0%           100%        3
 Conjure Flame            Conj/Fire      0%           100%        3
 Gell's Gravitas          Tloc           0%           100%        3
 Inner Flame              Hex/Fire       0%           100%        3
 Mephitic Cloud           Conj/Pois/Air  0%           100%        3
 Portal Projectile        Hex/Tloc       0%           100%        3
 Static Discharge         Conj/Air       0%           100%        3
 Summon Guardian Golem    Hex/Summ       0%           100%        3
 Vampiric Draining        Necr           0%           100%        3
 Airstrike                Air            0%           100%        4
 Animate Dead             Necr           0%           100%        4
 Cause Fear               Hex            0%           100%        4
 Leda's Liquefaction      Hex/Erth       0%           100%        4
 Petrify                  Tmut/Erth      0%           100%        4
 Summon Ice Beast         Ice/Summ       0%           100%        4
 Summon Lightning Spire   Summ/Air       0%           100%        4
 Agony                    Necr           0%           100%        5
 Bolt of Magma            Conj/Fire/Erth 0%           100%        5
 Iskenderun's Battlesphe  Conj           0%           100%        5
 Lightning Bolt           Conj/Air       0%           100%        5
 Metabolic Englaciation   Hex/Ice        0%           100%        5
 Summon Forest            Summ/Tloc      0%           100%        5
 Yara's Violent Unravell  Hex/Tmut       0%           100%        5
 Eringya's Noxious Bog    Tmut/Pois      0%           100%        6
 Iron Shot                Conj/Erth      0%           100%        6
 Orb of Destruction       Conj           0%           100%        7
 Spellforged Servitor     Conj/Summ      0%           100%        7


Dungeon Overview and Level Annotations

Branches:
Dungeon (15/15)            Temple (1/1) D:5            Lair (6/6) D:9
 Shoals (1/4) Lair:3       Spider (1/4) Lair:4        Slime (0/5) Lair:6
    Orc (2/2) D:11            Elf (3/3) Orc:2        Vaults (0/5) D:14
 Depths (0/5) D:15

Altars:
Ashenzari
Cheibriados
Dithmenos
Elyvilon
Fedhas
Gozag
Hepliaklqana
Kikubaaqudgha
Makhleb
Nemelex Xobeh
Okawaru
Qazlal
Ru
Sif Muna
Trog
Uskayaw
Vehumet
Wu Jian
Xom
Yredelemnul
Zin
The Shining One
Beogh

Shops:
D:6 [?!*   D:9 !   D:15 *(   Orc:1 =   Orc:2 [(:*   Elf:1 *!*?}

Portals:
Trove: D:11 (give +6 demon blade)

Annotations:
D:2 Sigmund
Orc:2 Consider Shrieking Vamp Axe
Elf:2 3 runed translucent doors


Message History

Your deep troll goes berserk!
The +0 vorpal glaive closely misses you.
Unknown command.
You swap places.
The sixfirhy misses your deep troll.
The +0 vorpal glaive closely misses you.
Your deep troll closely misses the +0 vorpal glaive.
Your deep troll barely misses the +0 vorpal glaive.
Your deep troll claws the +0 vorpal glaive!
The +0 vorpal glaive hits you!
* * * LOW HITPOINT WARNING * * *
x2
Found 7 silver boomerangs.
Things that are here:
a +0 leather armour; a +0 long sword Unknown command.
You feel better. The sixfirhy hits you.
* * * LOW HITPOINT WARNING * * *
The sixfirhy shocks you. You resist.
* * * LOW HITPOINT WARNING * * *
The sixfirhy hits you.
You die...

#.....#...$..($#
*.....#..$.....#
*,,...#()......#
****#'##)#########
*,,,#...((.#8≈≈..#
*,,,#....e.#≈≈≈..#
*,,,#.(##..#≈≈≈..#
*,,,#)3##3.#≈≈≈..#
########...'.)##@T'≈≈≈..#
.......#####..##(.#≈≈≈..#
###.##.#,,,#.e##..#≈≈≈..#
#.####,,,'......#≈≈≈..#
#.# *,,.#.)....#8≈≈..#
#.# *,>)###'##'#####.#
###(####,(,*,,.#,..,,,#.#
...[...#,,,*,(.*,..,,,#.#
.....(.#,,,*,,,*,,,,,,#.#


You could see a deep elf mage, a sixfirhy (summoned), a +0 vorpal glaive and a
friendly deep troll (summoned, berserk).

Vanquished Creatures
  Rupert (Lair:3)
  A deep elf sorcerer (Elf:1)
  An orc warlord (Orc:1)
  A deep elf demonologist (Elf:2)
  A caustic shrike skeleton (D:15)
  2 deep elf annihilators
  A deep elf death mage (Elf:2)
  5 hydras
  A fire dragon (Lair:6)
  A deep elf high priest (Elf:2)
  A vault guard (D:14)
  A merfolk avatar (Shoals:1)
  2 boulder beetles
  5 centaur warriors
  4 death yaks
  An alligator (D:15)
  3 tengu warriors
  4 two-headed ogres
  11 dancing weapons
  3 orc high priests
  18 deep elf knights
  4 skeletal warriors (D:15)
  An unseen horror (D:8)
  The ghost of faxtax the Fighter, a novice MiFi of the Shining One (Lair:3)
  A wizard (D:14)
  15 deep elf archers
  A flayed ghost (D:15)
  A necromancer (D:15)
  6 lindwurms (Lair:6)
  2 wolf spiders (Lair:4)
  A wolf spider zombie (D:13)
  4 orc knights
  2 cyclopes (D:14)
  2 orc sorcerers (Orc:2)
  65 deep elf magi
  9 ugly things
  9 elephants
  A merfolk siren (Lair:3)
  Maurice (D:12)
  2 molten gargoyles (Lair:6)
  A yaktaur zombie (D:15)
  5 black mambas
  13 cane toads
  4 rime drakes
  3 gargoyles (D:15)
  12 komodo dragons
  An efreet (D:13)
  A guardian mummy (D:15)
  4 kobold demonologists
  6 meliai (D:14)
  A queen bee (D:14)
  4 merfolk
  5 trolls
  4 jumping spiders (Lair:4)
  A polar bear (Lair:6)
  Prince Ribbit (D:6)
  A wind drake (Shoals:1)
  5 slime creatures
  2 hornets
  24 blink frogs
  10 dream sheep
  A spriggan zombie (D:15)
  2 air elementals (Elf:2)
  4 water elementals
  A vampire (D:13)
  2 wraiths
  4 redbacks (Lair:4)
  62 yaks
  2 tarantellas (Lair:4)
  8 basilisks
  7 wyverns
  4 fire elementals
  A steam dragon (Lair:6)
  7 humans (D:14)
  8 wargs (Orc:1)
  4 hell hounds (Lair:6)
  A soldier ant (D:11)
  8 water moccasins
  2 floating eyes (shapeshifter)
  2 ice beasts
  38 orc warriors
  4 sky beasts
  A black bear (shapeshifter) (Elf:2)
  A hornet zombie (D:14)
  A black bear (D:8)
  A phantom (D:9)
  2 necrophages
  18 wolves
  10 ogres
  13 centaurs
  3 big kobolds
  19 bullfrogs
  An earth elemental (Elf:1)
  A wyvern zombie (D:12)
  A water moccasin zombie (D:8)
  A scorpion (D:14)
  A water moccasin skeleton (D:9)
  A tengu zombie (D:15)
  29 killer bees
  3 wights (D:6)
  5 howler monkeys
  3 centaur zombies
  5 lava snakes
  7 centaur skeletons
  2 bullfrog zombies
  7 jellies
  7 hounds
  6 orc priests
  A bullfrog skeleton (D:5)
  23 orc wizards
  6 iguanas
  Natasha (thrice) (D:3)
  5 worker ants
  3 hound skeletons
  A worker ant zombie (D:8)
  Robin (D:4)
  17 adders
  6 gnolls
  2 white imps
  2 ufetubi (D:7)
  An ooze (D:2)
  An adder zombie (D:6)
  3 adder skeletons
  2 worms
  3 dart slugs
  5 leopard geckos
  72 orcs
  A ball python (D:4)
  8 bats
  6 giant cockroaches
  20 goblins
  13 hobgoblins
  9 jackals
  5 quokkas
  2 frilled lizards
  A jackal skeleton (D:5)
  21 kobolds
  3 leopard gecko skeletons
  A leopard gecko zombie (D:8)
  7 rats
879 creatures vanquished.

Vanquished Creatures (collateral kills)
  A deep elf archer (Elf:2)
  A deep elf mage (Elf:2)
  2 earth elementals (Elf:2)
4 creatures vanquished.

Vanquished Creatures (others)
  A vault guard (D:14)
  3 humans (D:14)
  25 fungi
  24 plants
  14 withered plants (D:15)
67 creatures vanquished.

Grand Total: 950 creatures vanquished

Notes
Turn   | Place    | Note
-------+----------+-------------------------------------------
     0 | D:1      | Amplified the Human Wanderer began the quest for the Orb.
     0 | D:1      | Amplified set off with the following items: a +0 mace, a +2
                  | scale mail, a scroll of teleportation
     0 | D:1      | Reached XP level 1. HP: 16/16 MP: 1/1
   134 | D:1      | Reached XP level 2. HP: 17/22 MP: 2/2
   408 | D:1      | Reached XP level 3. HP: 28/28 MP: 3/3
   969 | D:2      | Found a bloodstained altar of Trog.
  1004 | D:2      | Reached XP level 4. HP: 25/34 MP: 4/4
  1127 | D:2      | Reached skill level 3 in Fighting
  1231 | D:2      | Noticed Sigmund
  1301 | D:3      | Found a faded altar of an unknown god.
  1463 | D:2      | Reached XP level 5. HP: 31/41 MP: 5/5
  2302 | D:2      | Became a worshipper of Trog the Wrathful
  2447 | D:2      | Reached XP level 6. HP: 38/48 MP: 6/6
  2592 | D:3      | Reached skill level 4 in Fighting
  2658 | D:3      | Noticed Natasha
  2712 | D:3      | Found a snail-covered altar of Cheibriados.
  2736 | D:3      | Killed Natasha
  2760 | D:3      | Noticed Natasha
  2773 | D:3      | Killed Natasha
  2996 | D:3      | Noticed Natasha
  3075 | D:3      | Killed Natasha
  3259 | D:3      | Reached * piety under Trog
  3466 | D:4      | Reached skill level 5 in Armour
  3466 | D:4      | Reached XP level 7. HP: 38/55 MP: 7/7
  3624 | D:4      | Noticed Robin
  3659 | D:4      | Killed Robin
  3841 | D:4      | Reached skill level 5 in Fighting
  3841 | D:4      | Reached skill level 5 in Maces & Flails
  3844 | D:4      | Reached ** piety under Trog
  4828 | D:5      | Entered Level 5 of the Dungeon
  4885 | D:5      | Reached XP level 8. HP: 62/63 MP: 8/8
  5028 | D:5      | Found a sacrificial altar of Ru.
  5029 | D:5      | Found a hide-covered altar of Uskayaw.
  5081 | D:5      | Found an opulent altar of Gozag.
  5245 | D:5      | Found a staircase to the Ecumenical Temple.
  5253 | Temple   | Entered the Ecumenical Temple
  5449 | D:6      | Reached skill level 6 in Fighting
  5580 | D:6      | Found a stormy altar of Qazlal.
  5580 | D:6      | Found a hazy altar of Hepliaklqana.
  5713 | D:6      | Found Zaquinip's General Store.
  5715 | D:6      | Found Xeymnoit's Distillery.
  5716 | D:6      | Bought a potion of curing for 30 gold pieces
  5716 | D:6      | Bought 6 curare-tipped darts for 36 gold pieces
  5723 | D:6      | Bought a potion of curing for 36 gold pieces
  5723 | D:6      | Bought a potion of heal wounds for 60 gold pieces
  5723 | D:6      | Bought a potion of lignification for 36 gold pieces
  5817 | D:6      | Noticed Prince Ribbit
  5830 | D:6      | Killed Prince Ribbit
  5990 | D:6      | Found Oskonim's Magic Scroll Boutique.
  5996 | D:6      | Bought a scroll of fear for 49 gold pieces
  6076 | D:6      | Found Eshah's Armour Emporium.
  6436 | D:6      | Reached XP level 9. HP: 55/71 MP: 9/9
  6596 | D:7      | Reached skill level 7 in Fighting
  6838 | D:7      | Found an opulent altar of Gozag.
  6853 | D:7      | Reached *** piety under Trog
  6854 | D:7      | Found a basalt altar of Yredelemnul.
  6854 | D:7      | Found a broken altar of Ashenzari.
  6856 | D:7      | Found a shimmering altar of Xom.
  6856 | D:7      | Found a shimmering blue altar of Sif Muna.
  6856 | D:7      | Found a shimmering altar of Xom.
  7846 | D:8      | Reached skill level 8 in Fighting
  7916 | D:8      | Noticed a centaur warrior
  7936 | D:8      | Killed a centaur warrior
  7937 | D:8      | Reached XP level 10. HP: 82/82 MP: 10/10
  7974 | D:8      | Noticed a two-headed ogre
  7984 | D:8      | Killed a two-headed ogre
  7985 | D:8      | Reached skill level 9 in Fighting
  8030 | D:8      | Noticed a brown ugly thing
  8040 | D:8      | Killed a brown ugly thing
  8058 | D:8      | Reached **** piety under Trog
  8204 | D:8      | Noticed an unseen horror
  8212 | D:8      | Killed an unseen horror
  8545 | D:8      | Reached skill level 10 in Fighting
  8545 | D:8      | Reached skill level 10 in Maces & Flails
  9076 | D:6      | Bought a +0 pair of gloves for 63 gold pieces
  9205 | D:9      | Reached XP level 11. HP: 90/90 MP: 11/11
  9580 | D:9      | Found Cuomimuph's Distillery.
  9618 | D:9      | You fall into a shaft and drop 3 floors!
  9630 | D:12     | Reached ***** piety under Trog
  9669 | D:12     | Found a radiant altar of Vehumet.
  9860 | D:12     | Noticed a deep elf mage
  9880 | D:12     | Killed a deep elf mage
  9895 | D:12     | Noticed Maurice
  9905 | D:12     | Killed Maurice
  9963 | D:12     | Noticed a white ugly thing
  9981 | D:12     | Killed a white ugly thing
  9982 | D:12     | Reached skill level 11 in Fighting
 10308 | D:12     | Noticed a two-headed ogre
 10315 | D:12     | Killed a two-headed ogre
 10475 | D:12     | Reached skill level 1 in Dodging
 10694 | D:11     | Found a staircase to the Orcish Mines.
 10829 | D:11     | Noticed an eight-headed hydra
 10950 | D:11     | Killed an eight-headed hydra
 11096 | D:11     | Reached XP level 12. HP: 88/100 MP: 12/12
 11410 | D:11     | Found a portal to a secret trove of treasure.
 11541 | D:11     | Noticed a boulder beetle
 11552 | D:11     | Killed a boulder beetle
 11870 | D:10     | Entered Level 10 of the Dungeon
 12267 | D:9      | Bought a potion of haste for 160 gold pieces
 12267 | D:9      | Bought a potion of curing for 48 gold pieces
 12267 | D:9      | Bought 2 potions of heal wounds for 160 gold pieces
 12267 | D:9      | Bought a potion of curing for 48 gold pieces
 12270 | D:9      | Noticed a two-headed ogre
 12279 | D:9      | Killed a two-headed ogre
 12422 | D:9      | Found a staircase to the Lair.
 12435 | D:9      | Reached skill level 12 in Fighting
 12994 | Lair:1   | Entered Level 1 of the Lair of Beasts
 13275 | Orc:1    | Entered Level 1 of the Orcish Mines
 13306 | Orc:1    | Received a gift from Trog
 13842 | Orc:2    | Entered Level 2 of the Orcish Mines
 14010 | Orc:1    | Found Ynum's Jewellery Boutique.
 14127 | Orc:2    | Noticed an orc high priest
 14250 | D:13     | Noticed a two-headed ogre
 14262 | D:13     | Killed a two-headed ogre
 14595 | D:13     | Noticed a tengu warrior
 14619 | D:13     | Killed a tengu warrior
 14620 | D:13     | Reached XP level 13. HP: 109/109 MP: 13/13
 14705 | D:13     | Noticed a boulder beetle
 14736 | D:13     | Killed a boulder beetle
 14737 | D:13     | Reached skill level 5 in Dodging
 15012 | D:13     | Reached skill level 13 in Fighting
 15979 | D:13     | Received a gift from Trog
 16699 | D:14     | Noticed a vault guard
 16699 | D:14     | Identified the +3 plate armour of Existentialism {rCorr
                  | Str+5 Int-2 Stlth+}
 16720 | D:14     | Killed a vault guard
 16821 | D:14     | Killed a vault guard
 16942 | D:14     | Found a gate to the Vaults.
 17068 | D:14     | Noticed a centaur warrior
 17085 | D:14     | Killed a centaur warrior
 17086 | D:14     | Reached skill level 14 in Fighting
 17254 | D:14     | Received a gift from Trog
 17264 | D:14     | Reached XP level 14. HP: 57/120 MP: 14/14
 18346 | D:15     | Entered Level 15 of the Dungeon
 18979 | D:15     | Reached skill level 10 in Armour
 19026 | D:15     | Received a gift from Trog
 19062 | D:15     | Found a staircase to the Depths.
 19219 | D:15     | Found Teilux's Pet Rocks.
 19251 | D:15     | Found Datilo's Antique Weapon Boutique.
 19442 | D:15     | Reached skill level 15 in Fighting
 19738 | D:15     | Identified Sif Muna's Disquisition on Viperous Displacement
 20037 | Orc:1    | Bought the ring of Iveost {Fire rElec rPois Int+2 Stlth-}
                  | for 598 gold pieces
 20611 | Lair:1   | Identified the +6 quarterstaff of Calculation {pain, rF+}
                  | (You found it on level 1 of the Lair of Beasts)
 20696 | Lair:1   | Reached XP level 15. HP: 108/129 MP: 15/15
 20814 | Lair:1   | Got an ancient ivory ring
 21295 | Lair:2   | Identified the ring of Temperance {*Corrode +Fly Str+5
                  | Int+3 Stlth+} (You found it on level 1 of the Lair of
                  | Beasts)
 21411 | Lair:2   | Received a gift from Trog
 21785 | Lair:2   | Paralysed by a hornet for 1 turns
 22032 | Lair:3   | Found a runed translucent gate.
 22032 | Lair:3   | Found a runed translucent gate.
 22291 | Lair:3   | Got a serpentine silver ring
 22292 | Lair:3   | Identified the ring of Xom's Flight of Fancy {+Blink +Inv
                  | rN+ Str+3 SInv} (You found it on level 3 of the Lair of
                  | Beasts)
 22798 | Lair:3   | Noticed Rupert
 23201 | Lair:4   | Reached skill level 5 in Evocations
 23535 | Lair:4   | Found a hole to the Spider Nest.
 24346 | Lair:5   | Received a gift from Trog
 24515 | Lair:6   | Entered Level 6 of the Lair of Beasts
 24920 | Lair:6   | Found a staircase to the Slime Pits.
 25158 | Lair:6   | Reached ****** piety under Trog
 25159 | Lair:6   | Reached skill level 16 in Fighting
 26010 | Lair:6   | Received a gift from Trog
 26011 | Lair:6   | Reached XP level 16. HP: 118/138 MP: 16/16
 26538 | Lair:6   | Found a large runed translucent door.
 26538 | Lair:6   | Found a large runed translucent door.
 26970 | Lair:6   | Got a translucent flail
 26975 | Lair:6   | Identified the +11 flail of Ityzxu {protect, *Rage rC++
                  | Dex+4} (You found it on level 6 of the Lair of Beasts)
 27170 | Lair:3   | Found a staircase to the Shoals.
 27241 | Lair:3   | Found a runed translucent gate.
 27245 | Lair:3   | Noticed faxtax's ghost (novice MiFi)
 27290 | Lair:3   | Killed faxtax's ghost
 27455 | Lair:3   | Killed Rupert
 27670 | Lair:1   | Reached skill level 10 in Dodging
 27984 | Orc:2    | Found Biunouk's Antique Armour Shoppe.
 28019 | Orc:2    | Bought a fine cloak for 180 gold pieces
 28019 | Orc:2    | Bought a heavily runed cloak for 180 gold pieces
 28029 | Orc:2    | Identified the cursed +0 cloak "Aquts" {rElec} (You bought
                  | it in a shop on level 2 of the Orcish Mines)
 28076 | Orc:1    | Identified the +0 cloak "Zasioxti" {Harm rPois Slay+2} (You
                  | bought it in a shop on level 2 of the Orcish Mines)
 28154 | Orc:2    | Found a roughly hewn altar of Beogh.
 28250 | Orc:2    | Found a staircase to the Elven Halls.
 28256 | Orc:2    | Found Lucseng's Book Shop.
 28971 | Orc:2    | Received a gift from Trog
 29070 | Orc:2    | Found Gygiphal's Antique Weapon Shop.
 29260 | Orc:2    | Found Tiujis Veo's General Store.
 29492 | Spider:1 | Entered Level 1 of the Spider Nest
 30010 | Shoals:1 | Entered Level 1 of the Shoals
 30497 | Elf:1    | Entered Level 1 of the Elven Halls
 30501 | Elf:1    | Noticed a deep elf sorcerer
 30684 | Orc:2    | Reached skill level 17 in Fighting
 30950 | Elf:1    | Killed a deep elf sorcerer
 30953 | Elf:1    | Reached XP level 17. HP: 147/147 MP: 17/17
 31537 | Elf:1    | Received a gift from Trog
 31812 | Elf:1    | Found Lam Nani's Assorted Antiques.
 31817 | Elf:1    | Bought a scroll of enchant weapon for 232 gold pieces
 31831 | Elf:1    | Found Suohizal's General Store.
 31835 | Elf:1    | Bought a potion of curing for 51 gold pieces
 31835 | Elf:1    | Bought a scroll of blinking for 127 gold pieces
 31876 | Elf:1    | Found Fesod's Gadget Boutique.
 32264 | Elf:1    | Found Edicior's Distillery.
 32272 | Elf:1    | Bought a potion of heal wounds for 90 gold pieces
 32272 | Elf:1    | Bought a potion of curing for 54 gold pieces
 32272 | Elf:1    | Bought a potion of curing for 54 gold pieces
 32272 | Elf:1    | Bought a potion of curing for 54 gold pieces
 32274 | Elf:1    | Found Ylad's Magic Scroll Shop.
 32283 | Elf:1    | Bought a scroll of teleportation for 42 gold pieces
 33105 | Elf:2    | Received a gift from Trog
 33601 | Elf:2    | Found a runed translucent gate.
 33601 | Elf:2    | Found a runed translucent gate.
 33601 | Elf:2    | Found a runed translucent gate.
 34253 | Elf:2    | Reached XP level 18. HP: 145/156 MP: 18/18
 34289 | Elf:2    | Noticed a deep elf blademaster
 34606 | Elf:3    | Entered Level 3 of the Elven Halls
 34723 | Elf:3    | Reached skill level 10 in Evocations
 35019 | Elf:2    | Identified the +10 rapier "Merghueno" {freeze, rPois rF-
                  | rN+ Str+8}
 35028 | Elf:2    | Received a gift from Trog
 35038 | Elf:2    | HP: 4/156 [+0 vorpal glaive (4)]
 35039 | Elf:2    | Slain by a sixfirhy

Illustrated notes

Levels and vault maps discovered:
D:1:      minmay_arrival_wavy_path, layout_loops_ring
D:2:      layout_loops_ring, trog_hazing_becter, uniq_sigmund
D:3:      layout_basic, cheibriados_altar_1, chequers_ecumenical_altar_simple,
          uniq_natasha
D:4:      layout_basic, nrook_mini_vaults, uniq_robin
D:5:      layout_basic, gammafunk_temple_overflow_pools, kennysheep_little_box,
          minmay_temple_entry_hall
D:6:      layout_basic, gammafunk_temple_overflow_wave, serial_shops, shop,
          shop, nicolae_shop_window_shopping, nicolae_shop_statue_plus,
          uniq_prince_ribbit1
D:7:      layout_rooms, doesnt_xom_only_xom
D:8:      nzn_winding_woodlands_medium [nzn_winding_woodlands_5x5_perimeter,
          nzn_winding_woodlands_5x15_longhouse,
          nzn_winding_woodlands_5x5_closed_star,
          nzn_winding_woodlands_hourglass,
          nzn_winding_woodlands_center_pierced_h,
          nzn_winding_woodlands_5x5_cross, nzn_winding_woodlands_5x5_default,
          nzn_winding_woodlands_5x15_jagged,
          nzn_winding_woodlands_5x5_open_star], layout_rooms
D:9:      layout_rooms, lair_entry_dummy, serial_shops, nicolae_shop_waterfront
D:10:     layout_rooms, hex_intersection, lightli_church_of_beogh
D:11:     layout_irregular_city, orc_0_dummy, trove_entry_hex_spiral
D:12:     layout_basic, basic_altar, grunt_decor_cap, uniq_maurice
D:13:     layout_gridville, drop_trap
D:14:     layout_roguey [special_room_bee], ximxim_vaults_locker_room
D:15:     gammafunk_depths_entry_grave, layout_loops_ring, fountainhead,
          serial_shops, shop, guppyfry_shop_earth
Temple:   nicolae_temple_no_exploring_needed
Lair:1:   layout_cave_pods
Lair:2:   layout_hall_layers, grunt_megastairs_5
Lair:3:   layout_gridlike, elwin_shoals_entry_rooms, gammafunk_ghost_hydra_chop,
          chequers_serial_rivers_room_a, uniq_rupert
Lair:4:   layout_gridlike, spider_nest_entry_funnel_web
Lair:5:   layout_gridlike, serial_bayou_shore_b
Lair:6:   cheibrodos_lair_end_hotspot, layout_hall_layers,
          minmay_slime_entry_pillars, minmay_lindwurm_lava
Shoals:1: layout_shoals, serial_shops,
          nicolae_shop_temple_entry_statues_fountains, uniq_jorgrun, uniq_donald
Spider:1: nicolae_spider_hall_of_the_moth_king, guppyfry_spider_mini_1
Orc:1:    layout_caves, serial_shops, shop, mines5_lemuel
Orc:2:    grunt_orc_gardens, layout_caves, grunt_orc_garden, grunt_orc_garden,
          grunt_orc_garden, grunt_orc_garden, mines2_david
Elf:1:    minmay_elf_arrival_plus, layout_gridlike, serial_shops, shop, shop,
          shop, shop_statue, shop, minmay_elf_crystal_hexagon
Elf:2:    layout_gridlike, drop_trap, evilmike_minifort
Elf:3:    minmay_elf_hall_not_hex, layout_gridlike,
          ebering_ghost_reflecting_pool, elves_outpost_lemuel, uniq_roxanne

Skill      XL: |  1  2  3  4  5  6  7  8  9 10 11 12 13 14 15 16 17 18 |
---------------+-------------------------------------------------------+-----
Fighting       | 3 4 5 6 8 10 11 12 14 15 16 17 | 17.8
Maces & Flails | 3 4 5 6 8 10 11 12 14 | 14.7
Armour         | 5 6 7 8 9 10 11 12 13 | 13.1
Dodging        | 2 4 6 9 13 14 | 14.9
Evocations     | 3 7 8 9 10 | 10.4

Action                   |  1- 3 |  4- 6 |  7- 9 | 10-12 | 13-15 | 16-18 || total
-------------------------+-------+-------+-------+-------+-------+-------++-------
Melee: Mace              |    63 |       |   111 |       |       |       ||   174
       Flail             |    49 |   224 |   284 |   580 |  1005 |   706 ||  2848
       Great mace        |       |       |       |       |   183 |   106 ||   289
Throw: Throwing net      |       |     2 |       |       |       |       ||     2
       Dart              |       |    24 |     6 |    13 |     3 |     9 ||    55
Invok: Berserk           |       |       |     4 |    16 |    22 |    12 ||    54
       Trog's Hand       |       |       |       |     4 |    13 |    19 ||    36
       Brothers in Arms  |       |       |       |       |       |     3 ||     3
Evoke: Wand              |       |       |     1 |     6 |    22 |     7 ||    36
  Use: Scroll            |     4 |     7 |    14 |     6 |    18 |    22 ||    71
       Potion            |     1 |     3 |     3 |     3 |     6 |    15 ||    31
 Stab: Held in net/web   |       |     1 |       |       |       |       ||     1
       Invisible         |       |       |     4 |       |       |       ||     4
       Paralysed         |       |       |       |     3 |     7 |       ||    10
Armor: Scale mail        |    77 |   137 |   226 |   256 |    88 |       ||   784
       Skin              |       |       |       |    15 |       |       ||    15
       Plate armour      |       |       |       |       |   539 |   427 ||   966
Dodge: Dodged            |    74 |   138 |   163 |   242 |   559 |   501 ||  1677
